 Dungeon Crawl Stone Soup version 0.19-a0-994-g3c636f0 (webtiles) character file.

4246 matakusis the Fighter (level 10, 0/83 HPs)
             Began as a Demonspawn Gladiator on July 16, 2016.
             Was a Follower of Hepliaklqana.
             Slain by a wight
             ... wielding a cursed +4 trident
              (7 damage)
             ... on level 8 of the Dungeon.
             The game lasted 00:22:41 (7348 turns).

matakusis the Fighter (Demonspawn Gladiator)        Turns: 7348, Time: 00:22:42

Health: 0/83       AC: 14    Str: 15    XL:     10   Next: 9%
Magic:  10/10      EV: 13    Int: 10    God:    Hepliaklqana [*.....]
Gold:   455        SH:  8    Dex: 13    Spells: 0 memorised, 9 levels left

rFire  + + .     SeeInvis .     a - +1 long sword
rCold  . . .     Gourm    .     z - +2 ring mail {rF+}
rNeg   + . .     Faith    .     j - +0 buckler
rPois  .         Spirit   .     (helmet restricted)
rElec  .         Dismiss  .     (no cloak)
rCorr  .         Reflect  +     (no gloves)
SustAt .         Harm     .     v - +0 pair of boots
MR     .....                    e - +2 amulet of reflection
Stlth  ++........               B - ring of positive energy
                                s - ring of protection from fire

@: drained, not resistant to hostile enchantments, unstealthy
A: antennae 2, hooves 1, rough black scales 2, clumsy 1, deformed body,
nightstalker 1, wild magic 1
a: Recall Ancestor, Ancestor Identity, Renounce Religion


You were on level 8 of the Dungeon.
You worshipped Hepliaklqana.
Hepliaklqana was aware of your devotion.
You were not hungry.

You visited 2 branches of the dungeon, and saw 9 of its levels.

You collected 455 gold pieces.

Inventory:

Hand Weapons
 a - a +1 long sword (weapon)
Missiles
 d - 2 throwing nets (quivered)
Armour
 j - a +0 buckler (worn)
 v - a +0 pair of boots (worn)
 z - a +2 ring mail of fire resistance (worn)
Jewellery
 e - a +2 amulet of reflection (around neck)
 s - a ring of protection from fire (left hand)
 A - an uncursed amulet of guardian spirit
 B - a ring of positive energy (right hand)
Wands
 u - a wand of paralysis (10/24)
 y - a wand of digging (7/24)
Scrolls
 b - 3 scrolls of remove curse
 h - 3 scrolls of identify
 o - 2 scrolls of teleportation
 q - a scroll of blinking
 x - a scroll of enchant weapon
 C - a scroll of fear
 D - a scroll of holy word {unknown}
Potions
 m - a potion of brilliance
 n - 2 potions of curing
 r - 3 potions of heal wounds
 t - a potion of agility
 E - a potion of ambrosia {unknown}
Books
 i - a book of Ice

   Spells                             Type                      Level
   a - Ice Form                       Ice/Transmutation            4
   b - Metabolic Englaciation         Hexes/Ice                    5
   c - Ozocubu's Refrigeration        Ice                          6
   d - Bolt of Cold                   Conjuration/Ice              6
   e - Freezing Cloud                 Conjuration/Ice/Air          6
   f - Simulacrum                     Ice/Necromancy               6
 w - a book of Summonings

   Spells                             Type                      Level
   a - Recall                         Summoning/Translocation      3
   b - Aura of Abjuration             Summoning                    5
   c - Summon Demon                   Summoning                    5
   d - Summon Forest                  Summoning/Translocation      5
   e - Summon Mana Viper              Hexes/Summoning              5
   f - Shadow Creatures               Summoning                    6
Comestibles
 c - 4 fruits
 f - 8 bread rations
 g - 3 meat rations
 k - 5 chunks of flesh
 l - 2 beef jerkies
 p - 2 royal jellies


   Skills:
 * Level 9.6(9.1) Fighting
 + Level 6.8(6.3) Long Blades
 - Level 1.7(1.3) Throwing
 * Level 6.0(5.5) Armour
 + Level 5.9(5.5) Dodging
 * Level 7.8(7.3) Shields


You had 9 spell levels left.
You didn't know any spells.

Dungeon Overview and Level Annotations

Branches:
Dungeon (8/15)             Temple (1/1) D:6
   Lair: D:8-11

Altars:
Ashenzari
Cheibriados
Dithmenos
Elyvilon
Fedhas
Gozag
Hepliaklqana
Kikubaaqudgha
Makhleb
Nemelex Xobeh
Pakellas
Qazlal
Ru
Trog
Uskayaw
Vehumet
Xom
Yredelemnul
Zin
The Shining One


Innate Abilities, Weirdness & Mutations

You have a pair of antennae on your head.
You are mostly covered in rough black scales. (AC +7, Dex -2)
You are slightly more attuned to the shadows.
You have large cloven feet.
You are clumsy. (Dex -2)
Armour fits poorly on your strangely shaped body.
Your spells are a little harder to cast, but a little more powerful.


Message History

The ogre hits you with a giant spiked club!
The howler monkey skeleton hits you but does no damage.
Teicuih barely misses the wight.
You closely miss the wight.
The wight is almost destroyed.
The wight barely misses you.
You riposte.
You closely miss the wight.
The wight is severely damaged.
The wight closely misses you. The wight hits you but does no damage.
You block the howler monkey skeleton's attack.
Teicuih hits the wight!
The wight is destroyed!
The ogre hits you with a giant spiked club!!
* * * LOW HITPOINT WARNING * * *
You closely miss the ogre.
The ogre is moderately wounded.
The howler monkey skeleton hits you.
* * * LOW HITPOINT WARNING * * *
You block the wight's attack.
The wight hits you from afar with an enchanted trident!
You die...

###########
#.##z......
#..@Rz.....
#.O†Z......
##....$.....
#...........
##...........
##............
##.............
##..............
##....[..........


You could see the friendly Teicuih the ancestor, an ogre, 2 wights and a howler
monkey skeleton.

Vanquished Creatures
  Pikel (D:6)
  Prince Ribbit (D:5)
  A spriggan (D:7)
  The ghost of matakusis the Ducker, an amateur DsGl (D:4)
  Edmund (D:5)
  Duvessa (D:5)
  3 sky beasts
  An orc warrior (D:8)
  A necrophage (D:6)
  A black bear (D:6)
  A phantom (D:4)
  A centaur (D:4)
  2 ogres
  2 giant frogs (D:7)
  Dowan (D:5)
  3 scorpions
  A howler monkey (D:6)
  A wight (D:8)
  3 crimson imps
  A giant frog zombie (D:6)
  2 centaur skeletons
  4 hounds
  A jelly (D:6)
  A giant frog skeleton (D:4)
  Jessica (D:2)
  2 iguanas
  6 worker ants
  Terence (D:2)
  A hound zombie (D:7)
  2 hound skeletons
  A worker ant zombie (D:8)
  A gnoll (D:7)
  10 adders
  4 oozes
  5 worms
  2 dart slugs
  4 giant geckos
  16 orcs
  9 bats
  7 giant cockroaches
  7 goblins
  7 hobgoblins
  8 jackals
  4 quokkas
  A giant gecko zombie (D:5)
  4 giant newts
  7 kobolds
  A quokka skeleton (D:4)
  15 rats
162 creatures vanquished.

Vanquished Creatures (collateral kills)
  An ice beast (D:6)
  A giant frog (D:8)
  A wight (D:8)
  2 howler monkeys (D:8)
  A crimson imp (D:6)
  An orc wizard (D:8)
  An adder (D:8)
  A shadow imp (D:6)
  An adder skeleton (D:7)
  A giant gecko (D:7)
  An orc (D:8)
12 creatures vanquished.

Vanquished Creatures (others)
  A crimson imp (D:6)
  2 ancestors
  A giant newt (D:6)
4 creatures vanquished.

Grand Total: 178 creatures vanquished

Notes
Turn   | Place    | Note
-------+----------+-------------------------------------------
     0 | D:1      | matakusis the Demonspawn Gladiator began the quest for the Orb.
     0 | D:1      | Reached XP level 1. HP: 16/16 MP: 1/1
   229 | D:1      | Gained mutation: You have a pair of small antennae on your head. [demonic ancestry]
   229 | D:1      | Reached XP level 2. HP: 14/22 MP: 2/2
  1219 | D:1      | Reached XP level 3. HP: 28/28 MP: 3/3
  1278 | D:2      | Noticed Terence
  1424 | D:2      | Killed Terence
  1536 | D:2      | Reached XP level 4. HP: 34/34 MP: 4/4
  1893 | D:2      | Noticed Jessica
  1898 | D:2      | Reached skill level 1 in Armour
  1903 | D:2      | Killed Jessica
  1903 | D:2      | Reached skill level 3 in Fighting
  1903 | D:2      | Reached skill level 1 in Shields
  2034 | D:2      | Gained mutation: You have supernaturally acute eyesight. (SInv) [potion of mutation]
  2034 | D:2      | Gained mutation: You are dopey. (Int -2) [potion of mutation]
  2035 | D:2      | Lost mutation: You are dopey. (Int -2) [potion of cure mutation]
  2035 | D:2      | Lost mutation: You have supernaturally acute eyesight. (SInv) [potion of cure mutation]
  2058 | D:3      | Reached XP level 5. HP: 41/41 MP: 5/5
  2135 | D:3      | Found a white marble altar of Elyvilon.
  2319 | D:3      | Gained mutation: Your spells are a little harder to cast, but a little more powerful. [potion of mutation]
  2319 | D:3      | Gained mutation: You are clumsy. (Dex -2) [potion of mutation]
  2319 | D:3      | Gained mutation: You have large cloven feet. [potion of mutation]
  2619 | D:4      | You fall through a shaft for 3 floors!
  2873 | D:7      | Noticed a spriggan baker
  2891 | D:7      | Killed a spriggan baker
  2891 | D:7      | Reached XP level 6. HP: 15/48 MP: 6/6
  3117 | D:7      | Noticed a sky beast
  3139 | D:7      | Killed a sky beast
  3161 | D:7      | Reached skill level 4 in Fighting
  3161 | D:7      | Gained mutation: You are partially covered in rough black scales. (AC +4, Dex -1) [demonic ancestry]
  3161 | D:7      | Reached XP level 7. HP: 36/54 MP: 7/7
  3234 | D:5      | Entered Level 5 of the Dungeon
  3242 | D:5      | Reached skill level 8 in Fighting
  3242 | D:5      | Reached skill level 5 in Armour
  3242 | D:5      | Gained mutation: You have a pair of antennae on your head. [demonic ancestry]
  3242 | D:5      | Reached XP level 8. HP: 56/69 MP: 8/8
  3309 | D:5      | Noticed Prince Ribbit
  3368 | D:5      | Killed Prince Ribbit
  3428 | D:5      | Gained mutation: Armour fits poorly on your strangely shaped body. [mutagenic meat]
  3435 | D:4      | Found a blossoming altar of Fedhas.
  3445 | D:4      | Reached skill level 5 in Dodging
  3756 | D:4      | Found a snail-covered altar of Cheibriados.
  3801 | D:4      | Noticed matakusis's ghost (amateur DsGl)
  4162 | D:4      | Killed matakusis's ghost
  4521 | D:5      | Noticed Duvessa
  4521 | D:5      | Noticed Dowan
  4544 | D:5      | Killed Duvessa
  4544 | D:5      | Gained mutation: You are mostly covered in rough black scales. (AC +7, Dex -2) [demonic ancestry]
  4544 | D:5      | Reached XP level 9. HP: 45/75 MP: 9/9
  4561 | D:5      | Killed Dowan
  4793 | D:5      | Found a shimmering altar of Xom.
  4849 | D:5      | Noticed Edmund
  4860 | D:5      | Killed Edmund
  4896 | D:5      | Reached skill level 9 in Fighting
  5355 | D:6      | Noticed Pikel
  5437 | D:6      | Killed Pikel
  5880 | D:6      | Found a staircase to the Ecumenical Temple.
  5889 | Temple   | Entered the Ecumenical Temple
  6016 | Temple   | Became a worshipper of Hepliaklqana
  6840 | D:7      | Found an oddly glowing altar of Pakellas.
  6944 | D:7      | Reached * piety under Hepliaklqana
  7132 | D:8      | Gained mutation: You are slightly more attuned to the shadows. [demonic ancestry]
  7132 | D:8      | Reached XP level 10. HP: 81/83 MP: 10/10
  7348 | D:8      | Slain by a wight

Vault maps used:
D:1:      matt_arrival_spirals, minmay_misc_feat_five
D:2:      first_bread, uniq_terence, uniq_jessica
D:3:      elyvilon_altar_5
D:4:      fedhas_bush_and_centaur_altar, kennysheep_mini, serial_curves,
          eino_curves_04, eino_curves_02, gup_sewer_entry_bubbles, hex_tiny
D:5:      lemuel_doored_altar, kennysheep_generic_room_14, uniq_duvessa,
          uniq_prince_ribbit1, uniq_edmund
D:6:      minmay_fountain_box, st_stairs_3, uniq_pikel
D:7:      the_bakery, grunt_ministairs_15, minmay_ruined_shrine
D:8:      nicolae_ru_awakened_eye
Temple:   eino_temple_scatter_basement

Skill      XL: |  1  2  3  4  5  6  7  8  9 10 |
---------------+-------------------------------+-----
Dodging        | 3 4 5 |  5.9
Long Blades    | 3 6 |  6.8
Armour         | 1 2 5 6 |  6.0
Fighting       | 3 4 8 9 |  9.6
Shields        | 1 2 7 |  7.8
Throwing       | |  1.7

Action                   |  1- 3 |  4- 6 |  7- 9 | 10-12 || total
-------------------------+-------+-------+-------+-------++-------
Melee: Long sword        |   148 |   204 |   500 |    76 ||   928
       Kick              |       |    28 |     6 |       ||    34
Throw: Throwing net      |     3 |       |     2 |       ||     5
  Use: Potion            |     1 |     4 |     3 |       ||     8
       Scroll            |       |     6 |     7 |       ||    13
 Stab: Invisible         |       |       |     2 |       ||     2
  Eat: Chunk             |     2 |     6 |    13 |     1 ||    22
       Pizza             |       |       |     1 |       ||     1
Armor: Leather armour    |    13 |       |       |       ||    13
       Ring mail         |    37 |    60 |   139 |    32 ||   268
Dodge: Dodged            |    49 |    97 |   210 |    51 ||   407
Block: Buckler           |    25 |    42 |   163 |    43 ||   273
       Reflection        |       |     1 |     1 |       ||     2
